 Dungeon Crawl Stone Soup version 0.30-a0-591-g3c58d2bc28 (webtiles) character file.

Game seed: 18421051572800242495

532 OTABOTABOTAB the Insei (level 7, -4/43 HPs)
             Began as an Octopode Transmuter on Jan 5, 2023.
             Slain by Duvessa
             ... wielding a +2 short sword of freezing
              (6 damage)
             ... on level 4 of the Dungeon.
             The game lasted 00:08:24 (3905 turns).

OTABOTABOTAB the Insei (Octopode Transmuter)        Turns: 3905, Time: 00:08:24

Health: -4/43      AC:  6    Str: 10    XL:     7   Next: 24%
Magic:  5/10       EV: 19    Int: 23    God:
Gold:   221        SH:  0    Dex: 17    Spells: 4/10 levels left

rFire   . . .      SeeInvis .      - Unarmed
rCold   . . .      Faith    .    (shield currently unavailable)
rNeg    . . .      Spirit   .    (helmet currently unavailable)
rPois   .          Reflect  .    (no amulet)
rElec   .          Harm     .    P - ring of poison resistance {rPois, !d}
rCorr   .          Rampage  .    A - +4 ring of protection
Will    .....                    I - +6 ring of intelligence
Stlth   ++                       (no ring)
HPRegen 0.27/turn                (no ring)
MPRegen 0.12/turn                (no ring)
                                 (no ring)
                                 (no ring)

@: spider-form
A: venomous fangs, almost no armour, (amphibious), 8 rings, tiny, (camouflage
1), (gelatinous body 1), (nimble swimmer 1), (tentacles)
a: End Transformation


You were on level 4 of the Dungeon.
You were a venomous arachnid creature.
You visited 1 branch of the dungeon, and saw 4 of its levels.

You collected 221 gold pieces.

Inventory:

Missiles
 h - a throwing net {!d}
 l - 3 silver boomerangs
 q - 6 poisoned darts
 s - 31 stones
Magical Staves
 k - a staff of conjuration
   (You found it on level 3 of the Dungeon)
Jewellery
 A - a +4 ring of protection (right front leg)
   (You found it on level 3 of the Dungeon)
 I - a +6 ring of intelligence (on tentacle)
   (You found it on level 4 of the Dungeon)
 P - a ring of poison resistance (left front leg) {rPois, !d}
   (You found it on level 3 of the Dungeon)
Scrolls
 a - 4 scrolls of identify {unknown}
 b - 2 scrolls of teleportation {unknown}
 d - 2 scrolls of enchant weapon {unknown}
 e - a scroll of vulnerability {unknown}
 g - 3 scrolls of fog {unknown}
 i - a scroll of brand weapon {unknown}
 o - 2 scrolls of magic mapping {unknown}
Potions
 c - a potion of ambrosia {unknown}
 f - 2 potions of might {unknown}
 j - a potion of lignification {!q}
 n - a potion of haste {unknown}
 p - a potion of degeneration {unknown}
 J - a potion of curing {@q1}


   Skills:
 - Level 1.0 Fighting
 - Level 2.0 Dodging
 * Level 5.8 Unarmed Combat
 - Level 2.0 Spellcasting
 * Level 5.1 Transmutations
 - Level 3.0 Poison Magic


You had 4 spell levels left.
You knew the following spells:

 Your Spells              Type           Power      Damage    Failure   Level
a - Beastly Appendage     Tmut           50%        N/A       7%          1
b - Wereblood             Tmut           25%        N/A       9%          2
c - Spider Form           Tmut/Pois      21%        N/A       21%         3

Your spell library contained the following spells:

 Spells                   Type           Power      Damage    Failure   Level
 Passwall                 Tmut/Erth      11%        N/A       19%         2
 Sandblast                Erth           4%         2d4       30%         1
 Ozocubu's Armour         Ice            2%         N/A       58%         3
 Stone Arrow              Conj/Erth      4%         3d7       58%         3
 Ice Form                 Ice/Tmut       14%        N/A       63%         4
 Animate Dead             Necr           2%         N/A       90%         4
 Metabolic Englaciation   Hex/Ice        1%         N/A       99%         5
 Simulacrum               Ice/Necr       1%         N/A       100%        6
 Haunt                    Necr/Summ      1%         N/A       100%        7
 Infestation              Necr           1%         N/A       100%        8
 Lehudib's Crystal Spear  Conj/Erth      1%         10d2      100%        8
 Animate Armour           Summ/Erth      Unusable   N/A       N/A         4

Dungeon Overview and Level Annotations

Branches:
Dungeon (4/15)
 Temple: D:4-7

Altars:
Cheibriados
Makhleb
Okawaru
Ru

Annotations:
D:4 Dowan, Duvessa


Innate Abilities, Weirdness & Mutations

You are a venomous arachnid creature.
You have poisonous fangs.
You are tiny and dextrous.
Your spellcasting is less reliable in this form.
Your armour is entirely melded.
You are incapable of wielding weapons or throwing items.
You cannot wear most types of armour.
((You are amphibious.))
You can wear up to eight rings at the same time.
((Your skin changes colour to match your surroundings (Stealth+).))
((Your rubbery body absorbs attacks. (AC +1, EV +1)))
((You are camouflaged when in or above water. (Stealth+)))
((You have tentacles for arms and can constrict up to eight enemies at once.))


Message History

Edmund hits you with a +2 flail of protection.
You take 2 damage, and have 30/38 hp.
Unknown command.
You hit Edmund.
Edmund looks as sick as possible!
Edmund hits you with a +2 flail of protection.
You take 4 damage, and have 26/38 hp.
You hit Edmund but do no damage.
Edmund looks as sick as possible!
Edmund hits you with a +2 flail of protection!
You take 11 damage, and have 15/38 hp.
MASSIVE DAMAGE!!
You completely miss Edmund.
Edmund hits you with a +2 flail of protection.
You take 3 damage, and have 12/38 hp.
You hit Edmund but do no damage.
Edmund looks as sick as possible!
Edmund closely misses you.
You hit Edmund.
Edmund looks as sick as possible!
Your transformation is almost over.
You hit Edmund but do no damage.
Edmund looks as sick as possible!
You kill Edmund!
Your Transmutations skill increases to level 5!
You have reached level 7!
You regained 2 hp, and now have 14/43 hp.
Your transformation has ended.
You start resting.
Health restored: 43; MP restored: 10 Unknown command.
You start waiting.
Done waiting.
Things that are here:
a +2 flail of protection; a +3 scale mail of cold resistance; the human skeleton of Edmund
There is a stone staircase leading up here.
Dowan, Brother of Duvessa comes into view.
He is wielding a +0 dagger.
Unknown command.
There is a stone staircase leading down here.
Duvessa, Sister of Dowan comes into view.
She is wielding a +2 short sword of freezing.
You miscast Spider Form.
You are very lightly contaminated with residual magic.
Nothing appears to happen.
You now have 7/10 mp.
You turn into a venomous arachnid creature.
Duvessa shouts!
You hear a shout!
You now have 4/10 mp.
You hit Duvessa but do no damage.
Duvessa is poisoned.
Duvessa hits you with a +2 short sword of freezing.
Duvessa freezes you.
You take 6 damage, and have 37/43 hp.
You hit Duvessa. Duvessa misses you.
Dowan shouts!
You hit Duvessa.
Duvessa looks even sicker.
Duvessa says, "My weaknesses are his strengths!"
Duvessa misses you.
You barely miss Duvessa. Duvessa completely misses you.
Dowan gestures at Duvessa while chanting.
Duvessa seems to speed up.
You barely miss Duvessa.
Duvessa hits you with a +2 short sword of freezing.
Duvessa freezes you.
You take 4 damage, and have 33/43 hp.
You hit Duvessa but do no damage.
Duvessa looks as sick as possible!
Duvessa misses you.
Duvessa hits you with a +2 short sword of freezing.
Duvessa freezes you.
You take 8 damage, and have 25/43 hp.
Unknown command.
You hit Duvessa but do no damage.
Duvessa looks as sick as possible!
Duvessa hits you with a +2 short sword of freezing!
Duvessa freezes you.
Dowan says, "Stay away from my face!"
Your magical contamination has completely faded away.
You take 9 damage, and have 16/43 hp.
MASSIVE DAMAGE!!
You hit Duvessa.
Duvessa hits you with a +2 short sword of freezing.
Duvessa freezes you.
You take 3 damage, and have 13/43 hp.
Unknown command.
Duvessa attacks as you move away!
Duvessa hits you with a +2 short sword of freezing.
* * * LOW HITPOINT WARNING * * *
Duvessa freezes you.
* * * LOW HITPOINT WARNING * * *
Duvessa completely misses you.
You take 3 damage, and have 10/43 hp.
Unknown command.
Duvessa attacks as you move away! Duvessa misses you.
Duvessa says, "Where magic fails, the sword succeeds!"
Duvessa hits you with a +2 short sword of freezing.
* * * LOW HITPOINT WARNING * * *
Duvessa freezes you.
* * * LOW HITPOINT WARNING * * *
You take 5 damage, and have 5/43 hp.
It was a potion of curing.
You feel better.
J - a potion of curing Duvessa closely misses you.
You regained 7 hp, and now have 12/43 hp.
You hit Duvessa but do no damage.
Duvessa hits you with a +2 short sword of freezing!
* * * LOW HITPOINT WARNING * * *
Duvessa freezes you.
You die...

.#.#####...#...#####...#...#####.
.#.#...#...#...#...#...#...#...#.
.##.....#.###.#.....#.###.#.....#
..##...###...###...###...###...##
....###.........###...>#########.
..#.....#######.............####.
.######## ######.###.#....... .#
#...........#.#..# ≈#
#s########.......# ## ####e#
#..#.#.## ≈# #...e# ##....... .#
#.#### ##.#..## .# #. ###.## .#
... #.# .# .#.#..#### ##.# .#
#.......)..#######..# ## #.#.
#.........##


You could see Duvessa (fast, very poisoned) and Dowan.

Vanquished Creatures
  Sigmund (D:4)
  Edmund (D:4)
  A phantom (D:4)
  A hound (D:4)
  An iguana (D:4)
  4 adders
  A worm (D:3)
  3 dart slugs
  4 orcs
  8 endoplasms
  2 giant cockroaches (D:1)
  4 goblins
  5 hobgoblins
  4 jackals (D:2)
  9 kobolds
  3 quokkas
  9 ball pythons
  5 bats
  A frilled lizard (D:1)
  6 rats
73 creatures vanquished.

Notes
Turn   | Place    | Note
-------+----------+-------------------------------------------
     0 | D:1      | OTABOTABOTAB the Octopode Transmuter began the quest for
                  | the Orb.
     0 | D:1      | Reached XP level 1. HP: 13/13 MP: 3/3
   106 | D:1      | Reached XP level 2. HP: 18/18 MP: 5/5
   109 | D:1      | Learned a level 2 spell: Wereblood
   413 | D:1      | Reached skill level 1 in Poison Magic
   470 | D:1      | Reached XP level 3. HP: 22/23 MP: 4/6
   474 | D:1      | Learned a level 3 spell: Spider Form
   876 | D:2      | Found a burning altar of Makhleb.
  1023 | D:2      | Reached skill level 3 in Transmutations
  1125 | D:2      | Reached XP level 4. HP: 26/28 MP: 5/7
  1567 | D:2      | Reached skill level 4 in Unarmed Combat
  1618 | D:2      | Identified the +1 ring mail "Iwavukaco" {Int+3}
  1697 | D:3      | Reached skill level 2 in Poison Magic
  1877 | D:3      | Found a sacrificial altar of Ru.
  2017 | D:3      | Found a faded altar of an unknown god.
  2358 | D:3      | Found an iron altar of Okawaru.
  2362 | D:3      | Found a snail-covered altar of Cheibriados.
  2521 | D:4      | HP: 7/28 [iguana (7)]
  2523 | D:4      | Reached XP level 5. HP: 8/33 MP: 6/8
  2949 | D:4      | Noticed a phantom
  2965 | D:4      | Killed a phantom
  2966 | D:4      | Reached skill level 4 in Transmutations
  2966 | D:4      | Reached XP level 6. HP: 19/38 MP: 7/9
  3388 | D:4      | Noticed Sigmund
  3403 | D:4      | Killed Sigmund
  3404 | D:4      | Reached skill level 5 in Unarmed Combat
  3404 | D:4      | Reached skill level 3 in Poison Magic
  3435 | D:4      | Noticed Edmund
  3450 | D:4      | Killed Edmund
  3451 | D:4      | Reached skill level 5 in Transmutations
  3451 | D:4      | Reached XP level 7. HP: 14/43 MP: 7/10
  3784 | D:4      | Noticed Dowan
  3890 | D:4      | Noticed Duvessa
  3901 | D:4      | HP: 10/43 [Duvessa/+2 short sword of freezing (3)]
  3905 | D:4      | HP: 2/43 [Duvessa/+2 short sword of freezing (11)]
  3905 | D:4      | Slain by Duvessa

Illustrated notes

Levels and vault maps discovered:
D:1:      spicycebolla_arrival_clurvy, layout_loops_ring
D:2:      layout_loops_ring, basic_altar
D:3:      layout_basic, nicolae_ru_sacrificial_ziggurat, minitemple,
          dreamdust_ecumenical_altar_statues
D:4:      nicolae_cairo_tiling, layout_basic, serial_glass, glass_columns_a,
          glass_columns_b, glass_columns_a, glass_columns_a, glass_columns_a,
          glass_columns_a, glass_columns_b, glass_columns_c,
          kennysheep_decorative_pillar, sigmund_edmund_badplayer, uniq_duvessa

Skill      XL: |  1  2  3  4  5  6 |
---------------+-------------------+-----
Poison Magic   | 1 2 3 |  3.0
Transmutations | 3 4 5 |  5.1
Unarmed Combat | 4 5 |  5.8
Fighting       | |  1.0
Dodging        | |  2.0
Spellcasting   | |  2.0

Action                   |  1- 3 |  4- 6 |  7- 9 || total
-------------------------+-------+-------+-------++-------
Melee: Unarmed           |    82 |   113 |     9 ||   204
       Tentacles         |    15 |    13 |       ||    28
       Constrict         |    21 |    16 |       ||    37
       Kick              |    18 |    10 |       ||    28
       Punch             |     5 |     2 |       ||     7
Throw: Stone             |     6 |     7 |       ||    13
 Cast: Beastly Appendage |    20 |    11 |       ||    31
       Spider Form       |       |     4 |     1 ||     5
 Abil: End Transformatio |    14 |    11 |     1 ||    26
  Use: Potion            |       |       |     1 ||     1
 Stab: Sleeping          |     3 |     8 |       ||    11
Armor: Skin              |     8 |    14 |       ||    22
Dodge: Dodged            |    50 |    54 |     7 ||   111

Table legend: (Time is in decaauts)
 A = Elapsed time spent in this place.
 B = Non-inter-level travel time spent in this place.
 C = Inter-level travel time spent in this place.
 D = Time resting spent in this place.
 E = Time spent auto-exploring this place.
 F = Levels seen in this place.
 G = Mean time per level.
                   A        B        C        D        E       F      G
               +--------+--------+--------+--------+--------+-----+--------+
         Total |   3889 |   3833 |     56 |    572 |   2720 |   4 |  972.2 |
       Dungeon |   3889 |   3833 |     56 |    572 |   2720 |   4 |  972.2 |
               +--------+--------+--------+--------+--------+-----+--------+

Top non-repeatable levels by time:
     D:4: 1469 daAuts
     D:1: 838 daAuts
     D:2: 816 daAuts
     D:3: 765 daAuts

Table legend:
 A = Kills in this place as a percentage of kills in entire the game.
 B = Kills by you in this place as a percentage of kills by you in the entire game.
 C = Kills by friends in this place as a percentage of kills by friends in the entire game.
 D = Other kills in this place as a percentage of other kills in the entire game.
 E = Experience gained in this place as a percentage of experience gained in the entire game.
 F = Experience gained in this place divided by the number of levels of this place that you have seen.
                   A       B       C       D       E      F
               +-------+-------+-------+-------+-------+----------------------
         Total | 100.0 | 100.0 |   N/A |   N/A | 100.0 | 190.2
       Dungeon | 100.0 | 100.0 |   N/A |   N/A | 100.0 | 190.2
               +-------+-------+-------+-------+-------+----------------------
